 Dungeon Crawl Stone Soup version 0.20.1-1-g8b1a95d (webtiles) character file.

224481 Inchmeat the Slayer (level 19, -3/176 HPs)
             Began as a Merfolk Skald on Dec 29, 2017.
             Was the Champion of Ashenzari.
             Slain by an Executioner (8 damage)
             ... summoned by a deep elf demonologist
             ... on level 1 of the Elven Halls.
             The game lasted 01:54:33 (50611 turns).

Inchmeat the Slayer (Merfolk Skald)                Turns: 50611, Time: 01:54:33

Health: -3/176     AC: 13    Str: 13    XL:     19   Next: 29%
Magic:  0/19       EV: 26    Int: 18    God:    Ashenzari [******]
Gold:   1036       SH:  0    Dex: 16    Spells: 7/22 levels left

rFire    . . .     SeeInvis +   C - +5 glaive (freeze)
rCold    . . .     Gourm    .   (shield currently unavailable)
rNeg     + . .     Faith    .   j - +0 swamp dragon scales
rPois    +         Spirit   +   S - +2 hat {MR+} (curse)
rElec    .         Reflect  .   n - +0 cloak
rCorr    .         Harm     .   r - +0 pair of gloves of the World {Dex+2} (curse)
MR       ++...     Clarity  +   T - +1 pair of boots
Stlth    +.........             B - amulet of guardian spirit
Regen    0.4/turn               g - +5 ring of evasion
MPRegen  0.2/turn               W - ring of positive energy

@: about to teleport
A: change form in water, swift swim, stealthy swim, low mp 1
}: 1/15 runes: serpentine
a: Curse Item, Scrying, Transfer Knowledge, Renounce Religion


You were on level 1 of the Elven Halls.
You worshipped Ashenzari.
Ashenzari was exalted by your worship.
You were not hungry.

You visited 6 branches of the dungeon, and saw 29 of its levels.
You also visited: Labyrinth, Sewer and Desolation.

You collected 3368 gold pieces.
You spent 2332 gold pieces at shops.

Inventory:

Hand Weapons
 c - a +0 glaive of flaming
 C - a +5 glaive of freezing (weapon)
 D - a +2 vampiric glaive
 E - the +1 trident "Ukaagar" {freeze, *Slow rElec rC+ Stlth+}
   (You found it on level 8 of the Dungeon)

   It has been specially enchanted to freeze those struck by it, causing extra
   injury to most foes and up to half again as much damage against particularly
   susceptible opponents.
   It can also slow down cold-blooded creatures.
   It protects you from cold.
   It insulates you from electricity.
   It may slow you when you take damage.
   It makes you more stealthy.
 Q - a +6 demon trident
Missiles
 A - 7 poisoned javelins (quivered)
Armour
 j - +0 swamp dragon scales (worn)
 n - a +0 cloak (worn)
 r - the cursed +0 pair of gloves of the World (worn) {Dex+2}
   (You found it on level 6 of the Lair of Beasts)

   It affects your dexterity (+2).
   It has a curse placed upon it.
 S - a cursed +2 hat of magic resistance (worn)
 T - a +1 pair of boots (worn)
Jewellery
 g - a +5 ring of evasion (left hand)
 o - an uncursed ring of ice
 p - an uncursed ring of resist corrosion
 B - an amulet of guardian spirit (around neck)
 G - an uncursed ring of ice
 W - a ring of positive energy (right hand)
 X - an uncursed ring of protection from cold
Wands
 u - a wand of iceblast (3/15)
 x - a wand of acid (0/15)
 V - a wand of digging (14/24)
Scrolls
 d - 3 scrolls of magic mapping
 e - 11 scrolls of teleportation
 f - 5 scrolls of immolation
 i - 8 scrolls of identify {@r1}
 w - 4 scrolls of amnesia
 y - 3 scrolls of fear
 F - 4 scrolls of enchant armour
 J - a scroll of enchant weapon
 N - a scroll of fog
Potions
 b - 5 potions of berserk rage
 k - 3 potions of agility
 l - 6 potions of lignification
 m - 2 potions of cancellation
 s - 6 potions of brilliance
 v - 2 potions of magic
 I - 2 potions of mutation {!q}
 M - 3 potions of haste
 P - 2 potions of flight
Books
 O - a book of Ice

   Spells                             Type                      Level
   a - Ice Form                       Ice/Transmutation            4
   b - Metabolic Englaciation         Hexes/Ice                    5
   c - Ozocubu's Refrigeration        Ice                          6
   d - Bolt of Cold                   Conjuration/Ice              6
   e - Freezing Cloud                 Conjuration/Ice/Air          6
   f - Simulacrum                     Ice/Necromancy               6
Miscellaneous
 Z - a lamp of fire
Comestibles
 h - 20 royal jellies
 q - 13 bread rations
 H - 7 meat rations


   Skills:
 * Level 22.4 Fighting
 - Level 20.2 Polearms
 - Level 0.6 Armour
 - Level 15.2 Dodging
 - Level 2.0 Spellcasting
   Level 7.9 Conjurations
 - Level 3.4 Hexes
 - Level 10.1 Charms
 * Level 13.5 Ice Magic


You had 7 spell levels left.
You knew the following spells:

 Your Spells              Type           Power        Failure   Level  Hunger
a - Infusion              Chrm           ####         1%          1    #......
b - Song of Slaying       Chrm           #####...     1%          2    ###....
c - Spectral Weapon       Hex/Chrm       ####....     7%          3    ###....
d - Regeneration          Chrm/Necr      ###.......   14%         3    ###....
f - Ozocubu's Refrigerat  Ice            ######....   22%         6    #######


Dungeon Overview and Level Annotations

Branches:
Dungeon (15/15)            Temple (1/1) D:5            Lair (6/6) D:9
  Swamp (0/4) Lair:2        Snake (4/4) Lair:4        Slime (0/5) Lair:6
    Orc (2/2) D:10            Elf (1/3) Orc:2        Vaults (0/5) D:13
 Depths (0/5) D:15

Altars:
Ashenzari
Elyvilon
Gozag
Kikubaaqudgha
Okawaru
Qazlal
Ru
Sif Muna
Xom
Jiyva

Shops:
D:4 *   D:7 *(   Orc:2 [:(*   Elf:1 %   Snake:1 [

Annotations:
D:3 Grinder
Lair:2 exclusion: oklob plant


Innate Abilities, Weirdness & Mutations

You revert to your normal form in water.
You are very nimble and swift while swimming.
You are very stealthy in the water. (Stealth+)
Your magical capacity is low. (-10% MP)


Message History

* * * LOW HITPOINT WARNIN'
* * * Tha 'secutioner barely misses ye.
Tha 'secutioner hits ye but does nay damage.
Tha 'secutioner hits ye!
* * * LOW HITPOINT WARNIN'
* * * Tha 'secutioner hits ye but does nay damage. x2
Tha 'secutioner barely misses ye.
Tha 'secutioner hits ye.
* * * LOW HITPOINT WARNIN'
* * * Tha 'secutioner hits ye but does nay damage.
Tha 'secutioner completely misses ye.
Tha 'secutioner hits ye.
* * * LOW HITPOINT WARNIN'
* * * Tha 'secutioner hits ye but does nay damage. x2
Tha 'secutioner closely misses ye.
Tha 'secutioner hits ye.
* * * LOW HITPOINT WARNIN'
* * * Thar be an op'n door 'ere.
Tha 'secutioner closely misses ye.
Tha 'secutioner hits ye.
* * * LOW HITPOINT WARNIN'
* * * Tha 'secutioner barely misses ye.
Tha 'secutioner hits ye!
Ye die...

.......# #..........)# #.#
......## ##.........## ###'###
.....## ####)......#'###.)...##
###### ##..##.....###{#.......##
##....####### ##)........#
##.........## ##........e.. ###
#...........# #.(.......... ##.##
#...........###.2.e........
#...###.........@1'.)(.##########
.....##...........###..#{*88#88#8
.♣.♣..#...........# #..#{*,,....{
♣...♣.##.........## ##.#, ,...§{
.......##.......## ###* ∆∆#..#.
♣...♣..###.....## + ∆ .$ee.
.♣.♣..## ###'### *,**8∆,,{$.{.
.....'## #.# , * #..#. '...##.##
#.# ** ,* .....


You could see an Executioner and a tormentor.

Vanquished Creatures
  Vashnia (Snake:4)
  Gastronok (D:12)
  Frances (D:14)
  Roxanne (D:15)
  5 nagarajas
  An imperial myrmidon (Desolation)
  An orc warlord (Orc:1)
  A very ugly thing (D:14)
  A dire elephant (D:15)
  A crystal guardian (Desolation)
  A fire dragon (Lair:6)
  A minotaur (Lab)
  4 vault guards
  21 naga warriors
  A peacekeeper (Elf:1)
  An anaconda (shapeshifter) (D:14)
  10 two-headed ogres
  7 centaur warriors
  10 anacondas
  11 hydras
  7 dancing weapons (Elf:1)
  2 ogre magi
  Erica (D:9)
  5 tengu warriors
  Urug (Orc:1)
  An orc high priest (Orc:2)
  2 deep troll earth magi (D:14)
  10 shock serpents
  3 deep elf knights (Elf:1)
  17 naga sharpshooters
  Sonja (D:14)
  9 salamander mystics
  A deep troll (D:14)
  5 unseen horrors
  11 naga ritualists
  A deep elf archer (Elf:1)
  A swamp dragon (shapeshifter) (D:14)
  A phantasmal warrior (D:14)
  6 orc knights
  8 deep elf magi
  16 ugly things
  An oklob plant (Lair:3)
  A lindwurm (Lair:6)
  13 mana vipers
  5 orc sorcerers
  4 manticores
  A wolf spider (Lair:6)
  12 salamanders
  Maurice (D:9)
  7 centaur zombies
  16 elephants
  43 black mambas
  8 guardian serpents
  8 cyclopes
  18 naga magi
  Joseph (D:9)
  5 torpor snails (Lair:6)
  6 gargoyles
  2 centaur skeletons
  13 spiny frogs
  A kobold demonologist (D:14)
  12 komodo dragons
  2 rime drakes
  A yaktaur (D:14)
  A tengu conjurer (D:15)
  4 trolls
  4 tyrant leeches (Lair:6)
  10 polar bears
  A queen bee (Lair:3)
  3 saltlings
  9 hornets
  7 slime creatures
  13 blink frogs
  12 hippogriffs
  4 dream sheep (Lair:5)
  2 meliai zombies
  An air elemental (Elf:1)
  A centaur simulacrum (D:12)
  Sigmund (D:5)
  56 yaks
  2 wraiths
  4 shadows
  4 spriggans
  5 fire elementals (Elf:1)
  A vampire (D:14)
  6 wyverns
  3 basilisks
  A water elemental (Elf:1)
  A hog (shapeshifter) (D:14)
  7 vampire mosquitoes
  3 steam dragons
  8 hungry ghosts
  Menkaure (D:6)
  9 wargs
  60 nagas
  17 hell hounds (Lair:6)
  2 soldier ants
  5 porcupines
  8 water moccasins
  Duvessa (D:5)
  2 eyes of draining
  5 ice beasts
  33 orc warriors
  A sky beast (D:7)
  2 boggarts
  A necrophage (D:10)
  14 black bears
  5 phantoms
  A hornet zombie (D:6)
  17 ogres
  15 centaurs
  22 wolves
  16 crocodiles
  Blork the orc (D:5)
  7 big kobolds
  20 bullfrogs
  A gnoll sergeant (D:6)
  An earth elemental (Elf:1)
  Dowan (D:5)
  2 water moccasin skeletons
  32 killer bees
  3 scorpions
  3 troll zombies (D:10)
  15 wights
  7 electric eels
  3 howler monkeys
  8 crimson imps
  A bullfrog zombie (D:7)
  7 orc priests
  25 orc wizards
  Crazy Yiuf (D:2)
  10 hounds
  8 jellies
  A bullfrog skeleton (D:4)
  Jessica (D:2)
  Natasha (thrice) (D:2 D:1)
  3 iguanas
  Ijyb (D:5)
  8 worker ants
  A killer bee zombie (D:8)
  3 ogre zombies (D:10)
  2 hound skeletons
  A howler monkey zombie (D:10)
  17 adders
  4 gnolls (D:6)
  A river rat (D:4)
  5 shadow imps
  3 white imps (D:12)
  An ufetubus (D:12)
  5 oozes
  An adder skeleton (D:6)
  2 worms (D:2)
  2 dart slugs
  9 leopard geckos
  74 orcs
  3 ball pythons
  8 giant cockroaches
  7 hobgoblins
  12 jackals
  31 kobolds
  3 quokkas
  13 bats
  6 frilled lizards
  9 goblins
  4 goblin zombies (D:10)
  A hobgoblin skeleton (D:10)
  A hobgoblin zombie (D:10)
  A leopard gecko skeleton (D:9)
  An orc skeleton (D:10)
  12 orc zombies (D:10)
  A quokka skeleton (D:6)
  A quokka zombie (D:4)
  10 rats
  2 crawling corpses (Elf:1)
  A fungus (Lair:6)
  A plant (Lair:6)
1214 creatures vanquished.

Vanquished Creatures (others)
  A deep elf mage (Elf:1)
  A water elemental (Elf:1)
  A naga (Snake:4)
  A leopard gecko (D:2)
  An orc (Elf:1)
  9 fungi
  16 plants
  37 spectral weapons
67 creatures vanquished.

Grand Total: 1281 creatures vanquished

Notes
Turn   | Place    | Note
-------+----------+-------------------------------------------
     0 | D:1      | Inchmeat the Merfolk Skald began the quest for the Orb.
     0 | D:1      | Reached XP level 1. HP: 16/16 MP: 3/3
    99 | D:1      | Reached XP level 2. HP: 13/22 MP: 5/5
   774 | D:1      | Reached XP level 3. HP: 27/27 MP: 6/6
   815 | D:1      | Reached skill level 5 in Polearms
  1248 | D:2      | Found a shattered altar of Ashenzari.
  1271 | D:2      | Became a worshipper of Ashenzari the Shackled
  1302 | D:2      | Noticed Natasha
  1323 | D:2      | Killed Natasha
  1323 | D:2      | Reached XP level 4. HP: 9/33 MP: 7/7
  1809 | D:2      | Noticed Natasha
  1846 | D:2      | Found a runed door.
  1913 | D:2      | Found a stormy altar of Qazlal.
  1926 | D:2      | Noticed Jessica
  1946 | D:2      | Killed Jessica
  1986 | D:2      | Reached XP level 5. HP: 38/38 MP: 8/8
  2382 | D:2      | Noticed a phantom
  2422 | D:2      | Killed a phantom
  2422 | D:2      | Reached XP level 6. HP: 27/44 MP: 5/9
  2725 | D:2      | Killed Natasha
  2806 | D:2      | Noticed Natasha
  2972 | D:1      | Killed Natasha
  3494 | D:2      | Noticed Crazy Yiuf
  3506 | D:2      | Killed Crazy Yiuf
  3749 | D:3      | Noticed Grinder
  4238 | D:3      | Reached skill level 10 in Polearms
  4421 | D:3      | Paralysed by Grinder for 2 turns
  4469 | D:4      | Found Orchofem's Assorted Antiques.
  4481 | D:4      | Bought a trident for 63 gold pieces
  4547 | D:4      | Reached XP level 7. HP: 32/50 MP: 10/10
  4624 | D:4      | Found a glowing drain.
  4628 | Sewer    | Entered a sewer
  5020 | Sewer    | Reached * piety under Ashenzari
  5278 | Sewer    | Reached skill level 10 in Charms
  5278 | Sewer    | Reached XP level 8. HP: 56/56 MP: 11/11
  5282 | Sewer    | Learned a level 2 spell: Song of Slaying
  5286 | Sewer    | Learned a level 3 spell: Spectral Weapon
  5904 | D:4      | Found a white marble altar of Elyvilon.
  6110 | D:5      | Entered Level 5 of the Dungeon
  6118 | D:5      | Noticed Blork the orc
  6124 | D:5      | Killed Blork the orc
  6188 | D:5      | Found a staircase to the Ecumenical Temple.
  6429 | D:5      | Noticed Ijyb
  6431 | D:5      | Reached skill level 1 in Hexes
  6431 | D:5      | Reached XP level 9. HP: 61/61 MP: 12/12
  6454 | D:5      | Killed Ijyb
  6724 | D:5      | Reached ** piety under Ashenzari
  6724 | D:5      | Noticed Duvessa
  6724 | D:5      | Noticed Dowan
  6740 | D:5      | Killed Duvessa
  6742 | D:5      | Killed Dowan
  6777 | D:5      | Noticed Sigmund
  6804 | D:5      | Killed Sigmund
  6967 | Temple   | Entered the Ecumenical Temple
  7127 | D:6      | Found an iron altar of Okawaru.
  7139 | D:6      | Noticed Menkaure
  7146 | D:6      | Killed Menkaure
  8266 | D:7      | Found Ohaopie's General Store.
  8278 | D:7      | Bought a +1 trident of flaming for 172 gold pieces
  8287 | D:7      | Bought a scroll of teleportation for 39 gold pieces
  8527 | D:6      | Found a deep blue altar of Sif Muna.
  9149 | D:7      | Reached XP level 10. HP: 67/67 MP: 13/13
  9406 | D:7      | Found Zorphirua's Antique Weapon Emporium.
  9977 | D:8      | Got the trident "Ukaagar" {freeze, *Slow rElec rC+ Stlth+}
 10191 | D:8      | Reached skill level 15 in Polearms
 10299 | D:8      | Reached *** piety under Ashenzari
 10768 | D:9      | Noticed Maurice
 10775 | D:9      | Killed Maurice
 11112 | D:9      | Reached XP level 11. HP: 72/72 MP: 14/14
 11413 | D:9      | Noticed Erica
 11427 | D:9      | Killed Erica
 11606 | D:9      | Noticed a two-headed ogre
 11621 | D:9      | Learned a level 3 spell: Regeneration
 11634 | D:9      | Killed a two-headed ogre
 11776 | D:9      | Noticed Joseph
 11786 | D:9      | Killed Joseph
 11914 | D:9      | Found a staircase to the Lair.
 12152 | D:10     | Entered Level 10 of the Dungeon
 12520 | D:10     | Found a staircase to the Orcish Mines.
 12710 | D:10     | Reached **** piety under Ashenzari
 13218 | D:11     | Reached XP level 12. HP: 46/78 MP: 9/15
 13414 | D:11     | Found an opulent altar of Gozag.
 13907 | D:11     | Reached skill level 3 in Fighting
 13918 | D:11     | Reached skill level 4 in Fighting
 14118 | D:11     | Reached skill level 5 in Fighting
 14210 | D:12     | Reached skill level 6 in Fighting
 14227 | D:12     | Noticed Frances
 14230 | D:12     | Noticed a sun demon
 14485 | D:13     | Reached skill level 7 in Fighting
 14521 | D:13     | Noticed a two-headed ogre
 14526 | D:13     | Killed a two-headed ogre
 14539 | D:13     | Reached skill level 8 in Fighting
 14574 | D:13     | Found a gate to the Vaults.
 14574 | D:13     | Noticed a vault guard
 14574 | D:13     | Noticed a vault guard
 14574 | D:13     | Noticed a vault guard
 14576 | D:13     | Noticed a vault guard
 14621 | D:12     | Noticed a tengu warrior
 14629 | D:12     | Noticed a tengu warrior
 14629 | D:12     | Killed a tengu warrior
 14629 | D:12     | Reached skill level 9 in Fighting
 14749 | D:12     | Killed a tengu warrior
 14827 | Orc:1    | Entered Level 1 of the Orcish Mines
 14956 | Orc:1    | Noticed Urug
 14964 | Orc:1    | Killed Urug
 14964 | Orc:1    | Reached XP level 13. HP: 79/103 MP: 12/16
 15061 | Orc:1    | Reached skill level 10 in Fighting
 15079 | Orc:1    | Learned a level 6 spell: Deflect Missiles
 15146 | Orc:1    | Reached ***** piety under Ashenzari
 15182 | Orc:1    | Gained mutation: Your magical capacity is low. (-10% MP) [a neqoxec]
 15564 | Orc:2    | Entered Level 2 of the Orcish Mines
 15629 | Orc:1    | Reached skill level 11 in Fighting
 15889 | Orc:2    | Found Miosomo's Antique Armour Boutique.
 15993 | Orc:2    | Found a staircase to the Elven Halls.
 16219 | Orc:2    | Noticed an orc warlord
 16673 | Orc:1    | Killed an orc warlord
 16673 | Orc:1    | Reached skill level 12 in Fighting
 16880 | Orc:2    | Found Ystetola's Book Shoppe.
 16919 | Orc:2    | Found Feheg's Antique Weapon Boutique.
 17027 | Orc:2    | Found Plog's General Store.
 17048 | Orc:2    | Bought a scroll of remove curse for 54 gold pieces
 17048 | Orc:2    | Bought a scroll of enchant armour for 135 gold pieces
 17048 | Orc:2    | Bought 3 scrolls of fear for 189 gold pieces
 17528 | Lair:1   | Entered Level 1 of the Lair of Beasts
 17684 | D:9      | Identified the +1 trident "Ukaagar" {freeze, *Slow rElec rC+ Stlth+} (You found it on level 8 of the Dungeon)
 18071 | Lair:1   | Reached skill level 13 in Fighting
 18862 | Lair:2   | Found a staircase to the Swamp.
 19155 | Lair:2   | Reached skill level 14 in Fighting
 19638 | Lair:3   | Reached XP level 14. HP: 119/121 MP: 12/15
 20178 | Lair:3   | Reached skill level 15 in Fighting
 21415 | Lair:4   | Found a staircase to the Snake Pit.
 22031 | Lair:5   | Reached skill level 16 in Fighting
 22576 | Lair:5   | Found a shimmering altar of Xom.
 22837 | Lair:6   | Entered Level 6 of the Lair of Beasts
 22862 | Lair:6   | Found a labyrinth entrance.
 22871 | Lab      | Entered a labyrinth
 22995 | Lab      | Reached ****** piety under Ashenzari
 23662 | Lair:6   | Reached skill level 17 in Fighting
 24315 | Lair:6   | Reached XP level 15. HP: 125/134 MP: 10/16
 24343 | Lair:6   | Found a runed door.
 24344 | Lair:6   | Found a viscous altar of Jiyva.
 24346 | Lair:6   | Found a staircase to the Slime Pits.
 24578 | Lair:6   | Found a runed door.
 24604 | Lair:6   | Reached skill level 18 in Fighting
 24657 | Lair:6   | Paralysed by a hornet for 3 turns
 24662 | Lair:6   | Paralysed by a hornet for 1 turns
 25604 | Lair:6   | Identified the cursed +0 pair of gloves of the World {Dex+2}
 25966 | Orc:2    | Bought a book of Ice for 780 gold pieces
 26317 | Lair:6   | Reached skill level 19 in Fighting
 27245 | D:12     | Noticed Gastronok
 27255 | D:12     | Killed Gastronok
 28604 | D:13     | Reached skill level 20 in Fighting
 28871 | D:14     | Found a sacrificial altar of Ru.
 28999 | D:14     | Killed Frances
 29040 | D:14     | Reached XP level 16. HP: 138/149 MP: 17/17
 29467 | D:14     | Noticed Sonja
 29474 | D:14     | Killed Sonja
 30179 | D:14     | Reached skill level 21 in Fighting
 31718 | D:15     | Entered Level 15 of the Dungeon
 32320 | D:15     | Noticed Roxanne
 32341 | D:15     | Killed Roxanne
 32342 | D:15     | Identified Roxanne's Guide on Transmutation (You took it off Roxanne on level 15 of the Dungeon)
 32901 | D:15     | Found a staircase to the Depths.
 32918 | D:15     | Reached skill level 15 in Dodging
 33674 | D:15     | Learned a level 6 spell: Bolt of Cold
 33703 | D:14     | Reached skill level 1 in Ice Magic
 33733 | D:14     | Reached XP level 17. HP: 143/158 MP: 16/18
 34423 | Snake:1  | Entered Level 1 of the Snake Pit
 34440 | Snake:1  | Found Motwomea's Armour Emporium.
 34452 | Snake:1  | Reached skill level 5 in Ice Magic
 34802 | Snake:1  | Bought +0 swamp dragon scales for 900 gold pieces
 37170 | Snake:2  | Reached skill level 10 in Ice Magic
 38624 | Snake:4  | Entered Level 4 of the Snake Pit
 39108 | Snake:3  | Identified the Almanac of the Lucky Rocks
 39666 | Snake:2  | Reached skill level 1 in Conjurations
 40686 | Snake:3  | Reached XP level 18. HP: 166/166 MP: 15/18
 43075 | Snake:4  | Reached skill level 5 in Conjurations
 45277 | Snake:4  | Noticed Vashnia
 45295 | Snake:4  | Killed Vashnia
 45653 | Snake:2  | Learned a level 6 spell: Ozocubu's Refrigeration
 47342 | Snake:4  | Reached skill level 22 in Fighting
 47990 | Snake:4  | Reached XP level 19. HP: 174/174 MP: 15/19
 48115 | Snake:4  | Got a serpentine rune of Zot
 48616 | Elf:1    | Entered Level 1 of the Elven Halls
 48620 | Elf:1    | Found a ruined gateway.
 48640 | Desolati | Entered the Desolation of Salt
 48705 | Desolati | HP: 4/174 [peacekeeper (21)]
 48710 | Elf:1    | HP: 8/174 [peacekeeper (11)]
 49707 | Elf:1    | Found Atyrishri's Food Shoppe.
 50609 | Elf:1    | HP: 8/176 [Executioner[a deep elf demonologist] (2)]
 50611 | Elf:1    | Slain by an Executioner

Skill      XL: |  1  2  3  4  5  6  7  8  9 10 11 12 13 14 15 16 17 18 19 |
---------------+----------------------------------------------------------+-----
Polearms       | 4 6 7 8 10 11 12 13 16 19 20 | 20.2
Dodging        | 11 15 | 15.2
Charms         | 10 | 10.1
Hexes          | 1 3 |  3.4
Fighting       | 9 14 17 20 21 22 | 22.4
Ice Magic      | 2 11 12 13 | 13.5
Conjurations   | 2 7 |  7.9
Armour         | |  0.6
Spellcasting   | |  2.0

Action                   |  1- 3 |  4- 6 |  7- 9 | 10-12 | 13-15 | 16-18 | 19-21 || total
-------------------------+-------+-------+-------+-------+-------+-------+-------++-------
Melee: Spear             |   119 |   310 |       |       |       |       |       ||   429
       Trident           |       |    16 |   309 |       |    31 |    67 |       ||   423
       Tailslap          |       |     2 |     3 |       |     9 |       |       ||    14
       Glaive            |       |       |    37 |   649 |  1036 |  1401 |   148 ||  3271
Throw: Javelin           |       |       |       |       |       |     3 |       ||     3
 Cast: Infusion          |       |    14 |       |     1 |       |       |       ||    15
       Spectral Weapon   |       |       |    12 |    38 |    74 |    93 |    10 ||   227
       Song of Slaying   |       |       |       |    10 |    24 |    10 |     2 ||    46
Invok: Curse Item        |       |     2 |       |     3 |     2 |     1 |       ||     8
       Scrying           |       |       |       |       |       |     2 |     1 ||     3
Evoke: Wand              |       |       |       |       |       |     7 |       ||     7
  Use: Potion            |     4 |     2 |     1 |     1 |     5 |    18 |    11 ||    42
       Scroll            |       |       |     3 |    17 |     6 |    12 |     7 ||    45
 Stab: Sleeping          |     2 |     2 |       |     2 |     1 |       |       ||     7
       Invisible         |       |     2 |       |       |       |     5 |       ||     7
       Distracted        |       |       |     1 |     2 |     7 |    16 |       ||    26
  Eat: Chunk             |     1 |     7 |    15 |    25 |    65 |    24 |       ||   137
       Bread ration      |       |     1 |       |       |       |     4 |       ||     5
       Fruit             |       |       |     1 |       |     2 |    17 |       ||    20
       Meat ration       |       |       |       |       |     1 |     5 |     2 ||     8
Armor: Leather armour    |    20 |    34 |       |       |       |       |       ||    54
       Skin              |     1 |    25 |       |       |    25 |       |       ||    51
       Ring mail         |       |    34 |    61 |    46 |       |       |       ||   141
       Steam dragon scal |       |       |       |    34 |   107 |    57 |       ||   198
       Swamp dragon scal |       |       |       |       |       |   116 |    49 ||   165
Dodge: Dodged            |    62 |   149 |   168 |   488 |   850 |  1102 |   153 ||  2972
